 Dungeon Crawl Stone Soup version 0.29.1-13-g9f3cf754e1 (webtiles) character file.

Game seed: 10001722938439836423

9 Gabide the Trooper (level 2, -2/24 HPs)
             Began as a Formicid Berserker on Feb 4, 2023.
             Was a Follower of Trog.
             Slain by a hobgoblin (4 damage)
             ... on level 1 of the Dungeon.
             The game lasted 00:00:24 (253 turns).

Gabide the Trooper (Formicid Berserker)              Turns: 253, Time: 00:00:25

Health: -2/24      AC:  2    Str: 21    XL:     2   Next: 20%
Magic:  2/2        EV: 12    Int:  6    God:    Trog [*.....]
Gold:   20         SH:  0    Dex: 13    Spells: 1/1 levels left

rFire   . . .      SeeInvis +   a - +0 mace
rCold   . . .      Faith    .   (no shield)
rNeg    . . .      Spirit   .   b - +0 animal skin
rPois   .          Reflect  .   (helmet unavailable)
rElec   .          Harm     .   (no cloak)
rCorr   .          Rampage  .   (no gloves)
Will    .....                   (no boots)
Stlth   +.........              (no amulet)
HPRegen 0.08/turn               (no ring)
MPRegen 0.08/turn               (no ring)

@: no status effects
A: permanent stasis, dig shafts and tunnels, antennae 3, four strong arms
a: Dig, Shaft Self, Renounce Religion


You were on level 1 of the Dungeon.
You worshipped Trog.
Trog was aware of your devotion.
You visited 1 branch of the dungeon, and saw 1 of its levels.

You collected 20 gold pieces.

Inventory:

Hand Weapons
 a - a +0 mace (weapon)
Armour
 b - a +0 animal skin (worn)


   Skills:
 + Level 3.4 Fighting
 * Level 3.3 Maces & Flails
 - Level 2.1 Armour
 + Level 2.0 Dodging


You had one spell level left.
You didn't know any spells.
Your spell library was empty.

Dungeon Overview and Level Annotations

Branches:
Dungeon (1/15)

Altars:


Innate Abilities, Weirdness & Mutations

You cannot be hasted, slowed, berserked, paralysed or teleported.
You can dig through walls and to a lower floor.
You have a pair of large antennae on your head. (SInv)
Your four strong arms can wield two-handed weapons with a shield.


Message History

There is an open door here.
There is an open door here.
The hobgoblin barely misses you. The ball python closely misses you.
The ball python barely misses you. The hobgoblin hits you.
* * * LOW HITPOINT WARNING * * *
The ball python barely misses you. The ball python closely misses you.
The hobgoblin closely misses you. The ball python barely misses you. x2
The ball python attacks as you move away!
The ball python bites you but does no damage.
The hobgoblin hits you.
* * * LOW HITPOINT WARNING * * *
There is an open door here.
The ball python attacks as you move away!
The ball python misses you. The ball python closely misses you.
The ball python bites you but does no damage.
The ball python closely misses you.
Things that are here:
a frilled lizard corpse; a quokka corpse You closely miss the ball python.
The ball python barely misses you. The ball python misses you.
You sock the ball python!
You kill the ball python!
Trog accepts your kill. The hobgoblin closely misses you.
You hit the hobgoblin.
The hobgoblin is heavily wounded.
The hobgoblin misses you.
You barely miss the hobgoblin.
The hobgoblin is heavily wounded.
The hobgoblin barely misses you.
You barely miss the hobgoblin.
The hobgoblin is moderately wounded.
The hobgoblin barely misses you.
You hit the hobgoblin.
The hobgoblin is heavily wounded.
The hobgoblin barely misses you.
The endoplasm jiggles.
The hobgoblin hits you.
You die...

#....# #.# )... #....# #.#
##... ... #....# #.# #...
... #....# #.###.# ....
###....###.##..#### .....
#......'...>....... .....#
##.....####........
......# #.###.............
......†##@###+########...#
........#g##.............#
......†.KJ##....#####....#
........#'#.....# #.....
.......##.......# #.....
......# #.......#####.....
)....# ##......#..........
..... ##.......'..........
.....##........#....$...


You could see an endoplasm, a hobgoblin and a kobold.

Vanquished Creatures
  A ball python (D:1)
  A giant cockroach (D:1)
  2 hobgoblins (D:1)
  2 quokkas (D:1)
  A frilled lizard (D:1)
7 creatures vanquished.

Notes
Turn   | Place    | Note
-------+----------+-------------------------------------------
     0 | D:1      | Gabide the Formicid Berserker began the quest for the Orb.
     0 | D:1      | Reached XP level 1. HP: 18/18 MP: 1/1
   193 | D:1      | Reached XP level 2. HP: 22/24 MP: 2/2
   244 | D:1      | HP: 1/24 [hobgoblin (5)]
   253 | D:1      | Slain by a hobgoblin

Illustrated notes

Levels and vault maps discovered:
D:1:      dpeg_arrival_tiny_h, layout_basic, nicolae_figureground_pulse

Skill      XL: |  1  2 |
---------------+-------+-----
Dodging        | 2 |  2.0
Fighting       | |  3.4
Maces & Flails | |  3.3
Armour         | |  2.1

Action                   || total
-------------------------++-------
Melee: Mace              ||    33
Armor: Animal skin       ||     7
Dodge: Dodged            ||    47
